 Dungeon Crawl Stone Soup version 0.29-a0-870-g2c972031a6 (webtiles) character file.

Game seed: 12857081637671128342

42 Bane the Slasher (level 3, -4/29 (30) HPs)
             Began as a Formicid Monk on July 17, 2022.
             Slain by Crazy Yiuf
             ... wielding a +4 quarterstaff of chaos
              (15 damage)
             ... on level 3 of the Dungeon.
             The game lasted 00:02:05 (1928 turns).

Bane the Slasher (Formicid Monk)                    Turns: 1928, Time: 00:02:05

HP:   -4/29 (30)    AC:  3    Str: 15    XL:     3   Next: 80%
MP:   3/3           EV: 13    Int:  9    God:
Gold: 107           SH:  0    Dex: 18    Spells: 2/2 levels left

rFire   . . .      SeeInvis +   a - +0 falchion
rCold   . . .      Faith    .   (no shield)
rNeg    . . .      Spirit   .   b - +0 robe
rPois   .          Reflect  .   (helmet unavailable)
rElec   .          Harm     .   (no cloak)
rCorr   .          Rampage  .   (no gloves)
Will    .....                   g - +0 pair of boots
Stlth   ++........              (no amulet)
HPRegen 0.09/turn               (no ring)
MPRegen 0.08/turn               (no ring)

@: lightly drained
A: permanent stasis, dig shafts and tunnels, antennae 3, four strong arms
a: Dig, Shaft Self


You were on level 3 of the Dungeon.
You visited 1 branch of the dungeon, and saw 3 of its levels.

You collected 107 gold pieces.

Inventory:

Hand Weapons
 a - a +0 falchion (weapon)
Armour
 b - a +0 robe (worn)
 g - a +0 pair of boots (worn)
Jewellery
 l - a ring of protection from cold
Wands
 m - a wand of roots (8)
Scrolls
 e - 2 scrolls of enchant armour {unknown}
 i - 2 scrolls of teleportation {unknown}
 j - a scroll of enchant weapon {unknown}
 k - a scroll of amnesia {unknown}
 n - a scroll of identify {unknown}
Potions
 c - a potion of ambrosia
 d - 2 potions of mutation {unknown}
 f - 2 potions of haste {unknown}
 h - a potion of might {unknown}


   Skills:
 * Level 3.6 Fighting
 * Level 3.8 Long Blades
 * Level 1.0 Armour
 + Level 2.8 Dodging
 - Level 2.4 Stealth


You had 2 spell levels left.
You didn't know any spells.
Your spell library contained the following spells:

 Spells                   Type           Power      Damage    Failure   Level
 Shock                    Conj/Air       0%         1d3       38%         1
 Airstrike                Air            0%         0-1+      99%         4
 Swiftness                Air            Unusable   N/A       N/A         3

Dungeon Overview and Level Annotations

Branches:
Dungeon (3/15)

Altars:

Annotations:
D:3 Crazy Yiuf


Innate Abilities, Weirdness & Mutations

You cannot be hasted, slowed, berserked, paralysed or teleported.
You can dig through walls and to a lower floor.
You have a pair of large antennae on your head. (SInv)
Your four strong arms can wield two-handed weapons with a shield.


Message History

No target in view!
No target in view!
No target in view!
No target in view!
You see here a ball python corpse.
You now have 102 gold pieces (gained 10).
n - a scroll labelled BAEGAOTHIBB You now have 107 gold pieces (gained 5).
Found a hammer.
Found two hammers.
You see here a +0 hammer.
Found six hammers and an ivory hammer.
Found a runed translucent door.
You see here a +0 hammer.
Found a hammer.
You see here a +0 hammer.
You see here a +0 hammer.
Found three hammers.
Crazy Yiuf shouts!
You see here a +0 hammer.
You open the door. You hit Crazy Yiuf.
Crazy Yiuf is lightly wounded.
Crazy Yiuf says, "Adder hand hog!"
Crazy Yiuf hits you with a +4 quarterstaff of chaos!
You hit Crazy Yiuf but do no damage.
Crazy Yiuf is lightly wounded.
Crazy Yiuf hits you with a +4 quarterstaff of chaos!
You feel drained.
You hit Crazy Yiuf.
Crazy Yiuf is moderately wounded.
Crazy Yiuf flaps his cloak.
Crazy Yiuf misses you.
You hit Crazy Yiuf but do no damage.
Crazy Yiuf is lightly wounded.
Crazy Yiuf barely misses you.
You closely miss Crazy Yiuf.
Crazy Yiuf is lightly wounded.
Crazy Yiuf hits you with a +4 quarterstaff of chaos!
Ouch! That really hurt!
You die...

.....#..............#
.... #..............#
... ##............##
## ##########..##
#.## ♣♣♣♣♣##.## ###
♣♣♣)♣)..#..#
#)))#♣))♣)......#
#.))g@♣♣♣♣......#
#)))#♣♣ ♣♣..#.## ###
♣♣####


You could see Crazy Yiuf.

Vanquished Creatures
  An adder (D:2)
  A bat (D:2)
  2 endoplasms
  A giant cockroach (D:1)
  3 goblins
  A hobgoblin (D:2)
  10 jackals
  5 ball pythons
  3 kobolds
  2 rats
29 creatures vanquished.

Notes
Turn   | Place    | Note
-------+----------+-------------------------------------------
     0 | D:1      | Bane the Formicid Monk began the quest for the Orb.
     0 | D:1      | Reached XP level 1. HP: 18/18 MP: 1/1
   619 | D:1      | Reached XP level 2. HP: 24/24 MP: 2/2
  1290 | D:2      | Reached XP level 3. HP: 30/30 MP: 3/3
  1394 | D:2      | Reached skill level 1 in Armour
  1918 | D:3      | Found a runed translucent door.
  1919 | D:3      | Noticed Crazy Yiuf
  1928 | D:3      | Slain by Crazy Yiuf

Illustrated notes

Levels and vault maps discovered:
D:1:      lightli_arrival_farm, layout_basic, chequers_serial_rivers_large_b,
          amcnicky_mini_rare_corridor_liquid
D:2:      layout_basic
D:3:      layout_rooms, mainiacjoe_overflow_paths, serial_shops,
          nicolae_shop_advertising_works [nicolae_subvault_shop_adworks],
          biasface_ghost_orc_armoury, serial_undead, serial_undead_e,
          serial_undead_d, serial_undead_a, serial_undead_d, serial_undead_c,
          shapermc_ecumenical_altar_totnotflames, uniq_robin,
          uniq_crazy_yiuf_cottage

Skill      XL: |  1  2  3 |
---------------+----------+-----
Armour         | 1 |  1.0
Fighting       | |  3.6
Long Blades    | |  3.8
Dodging        | |  2.8
Stealth        | |  2.4

Action                   || total
-------------------------++-------
Melee: Falchion          ||    85
       Punch             ||     1
 Stab: Sleeping          ||     3
Armor: Robe              ||    18
Dodge: Dodged            ||    83

Table legend: (Time is in decaauts)
 A = Elapsed time spent in this place.
 B = Non-inter-level travel time spent in this place.
 C = Inter-level travel time spent in this place.
 D = Time resting spent in this place.
 E = Time spent auto-exploring this place.
 F = Levels seen in this place.
 G = Mean time per level.
                   A        B        C        D        E       F      G
               +--------+--------+--------+--------+--------+-----+--------+
         Total |   2006 |   1938 |     68 |      0 |   1694 |   3 |  668.7 |
       Dungeon |   2006 |   1938 |     68 |      0 |   1694 |   3 |  668.7 |
               +--------+--------+--------+--------+--------+-----+--------+

Top non-repeatable levels by time:
     D:1: 1294 daAuts
     D:2: 627 daAuts
     D:3: 85 daAuts
